 Dungeon Crawl Stone Soup version 0.27.1-2-g3b301248ec (webtiles) character file.

Game seed: 111672873668824236

46 karkarkar the Skirmisher (level 3, -1/33 HPs)
             Began as a Hill Orc Fighter on Oct 3, 2021.
             Succumbed to an adder's poison
             ... on level 2 of the Dungeon.
             The game lasted 00:03:49 (1531 turns).

karkarkar the Skirmisher (Hill Orc Fighter)         Turns: 1531, Time: 00:03:49

Health: -1/33      AC:  6    Str: 19    XL:     3   Next: 66%
Magic:  3/3        EV:  7    Int:  8    God:
Gold:   84         SH:  9    Dex: 10    Spells: 2/2 levels left

rFire    + . .     SeeInvis .   a - +0 war axe
rCold    + . .     Faith    .   c - +0 kite shield
rNeg     . . .     Spirit   .   b - +0 scale mail
rPois    +         Reflect  .   (no helmet)
rElec    +         Harm     .   (no cloak)
rCorr    +         Rampage  .   (no gloves)
Will     .....                  (no boots)
Stlth    ..........             (no amulet)
HPRegen  0.11/turn              (no ring)
MPRegen  0.08/turn              (no ring)

@: lethally poisoned (-1 -> -9), resistant
A: no striking features
a: no special abilities


You were on level 2 of the Dungeon.
You visited 1 branch of the dungeon, and saw 2 of its levels.

You collected 84 gold pieces.

Inventory:

Hand Weapons
 a - a +0 war axe (weapon)
Armour
 b - a +0 scale mail (worn)
 c - a +0 kite shield (worn)
Potions
 d - 2 potions of might


   Skills:
 + Level 4.2 Fighting
 * Level 3.7 Axes
 - Level 3.2 Armour
 + Level 0.2 Dodging
 + Level 0.1 Stealth
 + Level 3.9 Shields


You had 2 spell levels left.
You didn't know any spells.
Your spell library was empty.

Dungeon Overview and Level Annotations

Branches:
Dungeon (2/15)

Altars:

Shops:
D:1 [!!:=

Annotations:
D:2 Sigmund


Message History

2 gnolls come into view.
Found a pink potion.
The gnoll moves out of view.
An adder comes into view.
The adder hisses angrily.
Found a stone staircase leading up.
There is a stone staircase leading up here.
The gnoll hits you with a +0 club.
You slash the gnoll!
The gnoll is severely wounded.
You block the gnoll's attack. You block the adder's attack.
You closely miss the gnoll.
The gnoll is severely wounded.
You barely miss the adder. You block the adder's attack.
The gnoll hits you with a +0 club. You block the gnoll's attack.
The adder bites you but does no damage. The gnoll hits you with a +0 club.
You slash the gnoll!
You kill the gnoll!
You miss the adder. The gnoll closely misses you. The adder barely misses you.
You block the gnoll's attack. You block the adder's attack.
You closely miss the adder. The adder bites you.
You are poisoned.
The adder poisons you! You block the gnoll's attack. The adder bites you.
You are more poisoned.
The adder poisons you!
You miss the adder.
You feel very sick. The gnoll barely misses you.
The adder bites you but does no damage.
The gnoll hits you from afar with a +0 halberd!
* * * LOW HITPOINT WARNING * * *
Unknown command.
It was a potion of resistance.
You feel protected.
* * * LOW HITPOINT WARNING * * *
You feel sick. You block the adder's attack.
The gnoll hits you from afar with a +0 halberd!
* * * LOW HITPOINT WARNING * * *
The adder bites you but does no damage.
You slash the adder!
The adder is severely wounded.
You die...

# ######.#
##......#
#.S@<...#
#.)####.#
#.g#
#.####..#
#.#.#
##.......#
#.#.#
.!#..!#.##
#.#.#
#....#.#
#.#.# #g#.
#.# #.#.# ..
#..#.########
#.#.#


You could see a gnoll and an adder.

Vanquished Creatures
  A gnoll (D:2)
  A dart slug (D:1)
  2 endoplasms (D:1)
  2 giant cockroaches (D:1)
  4 goblins (D:1)
  4 hobgoblins
  3 jackals (D:1)
  2 kobolds (D:1)
  4 ball pythons
  3 bats (D:1)
  2 frilled lizards
  2 rats (D:1)
30 creatures vanquished.

Notes
Turn   | Place    | Note
-------+----------+-------------------------------------------
     0 | D:1      | karkarkar the Hill Orc Fighter began the quest for the Orb.
     0 | D:1      | Reached XP level 1. HP: 19/19 MP: 1/1
   252 | D:1      | Reached XP level 2. HP: 26/27 MP: 2/2
   259 | D:1      | Found Ziozol's Distillery.
   456 | D:1      | Found Tojot's Antique Armour Shop.
   494 | D:1      | Found Ehes's Book Shoppe.
   505 | D:1      | Reached skill level 4 in Fighting
   536 | D:1      | Found Sadiof's Jewellery Shoppe.
   760 | D:1      | Reached XP level 3. HP: 33/33 MP: 3/3
   765 | D:1      | Found a faded altar of an unknown god.
   926 | D:1      | Found Yril Xim's Distillery.
  1296 | D:2      | Noticed Sigmund
  1530 | D:2      | HP: 1/33 [gnoll (7)]
  1531 | D:2      | Succumbed to an adder's poison

Illustrated notes

Levels and vault maps discovered:
D:1:      zelgadis_glass_arrival_small, layout_loops_corners,
          shapermc_ecumenical_altar_mp_urbaneastern, serial_shops, shop, shop,
          shop_fountains, shop_fountains, nicolae_shop_stone
D:2:      layout_loops_ring, minmay_pentomino_x2, uniq_sigmund

Skill      XL: |  1  2 |
---------------+-------+-----
Axes           | 3 |  3.7
Fighting       | 4 |  4.2
Armour         | |  3.2
Dodging        | |  0.2
Stealth        | |  0.1
Shields        | |  3.9

Action                   || total
-------------------------++-------
Melee: War axe           ||   101
  Use: Scroll            ||     1
       Potion            ||     1
Armor: Scale mail        ||    55
Dodge: Dodged            ||    35
Block: Kite shield       ||    76
